 Dungeon Crawl Stone Soup version 0.20.1-1-g8b1a95d (webtiles) character file.

67 yogmoth the Charmwright (level 4, -1/29 HPs)
             Began as a Halfling Skald on Nov 25, 2017.
             Slain by a jackal (2 damage)
             ... on level 2 of the Dungeon.
             The game lasted 00:06:20 (1035 turns).

yogmoth the Charmwright (Halfling Skald)            Turns: 1035, Time: 00:06:20

Health: -1/29      AC:  4    Str: 17    XL:     4   Next: 40%
Magic:  6/6        EV: 14    Int: 11    God:    Xom [..*...]
Gold:   55         SH:  0    Dex: 14    Spells: 5/6 levels left

rFire    . . .     SeeInvis .   a - +1 short sword
rCold    + . .     Gourm    .   (shield restricted)
rNeg     . . .     Faith    .   b - +1 leather armour
rPois    .         Spirit   .   (no helmet)
rElec    .         Reflect  .   (no cloak)
rCorr    .         Harm     .   (no gloves)
MR       .....                  (no boots)
Stlth    +.........             (no amulet)
Regen    0.1/turn               i - ring of protection from cold
MPRegen  0.1/turn               (no ring)

@: mighty, lethally poisoned (-1 -> -4)
A: mutation resistance 1
a: Renounce Religion


You were on level 2 of the Dungeon.
You worshipped Xom.
You were a toy of Xom.
You were not hungry.

You visited 1 branch of the dungeon, and saw 2 of its levels.

You collected 55 gold pieces.

Inventory:

Hand Weapons
 a - a +1 short sword (weapon)
 e - a +0 dagger
 f - a +0 dagger
 k - a +0 hand axe
 l - a +0 club
 m - a +0 club
 n - a +0 club
 q - a +0 dagger
 r - a cursed +0 short sword
 s - a +0 hand axe
Missiles
 j - 14 stones (quivered)
 p - 13 arrows
Armour
 b - a +1 leather armour (worn)
 h - a +0 robe
 u - a +0 scale mail
Jewellery
 i - a ring of protection from cold (left hand)
Scrolls
 o - a scroll of blinking {unknown}
Books
 c - a book of Battle

   Spells                             Type                      Level
   a - Infusion                       Charms                       1
   b - Shroud of Golubria             Charms/Translocation         2
   c - Song of Slaying                Charms                       2
   d - Spectral Weapon                Hexes/Charms                 3
   e - Regeneration                   Charms/Necromancy            3
Comestibles
 d - 2 bread rations
 g - 4 chunks of flesh
 t - a royal jelly


   Skills:
 + Level 2.1 Fighting
 + Level 3.1 Short Blades
 + Level 1.3 Throwing
 + Level 1.1 Armour
 + Level 2.4 Dodging
 + Level 0.5 Stealth
 + Level 1.8 Spellcasting
 + Level 3.9 Charms


You had 5 spell levels left.
You knew the following spells:

 Your Spells              Type           Power        Failure   Level  Hunger
a - Infusion              Chrm           #...         7%          1    ##.....


Dungeon Overview and Level Annotations

Branches:
Dungeon (2/15)

Altars:
Xom


Innate Abilities, Weirdness & Mutations

You are small and have problems with some larger weapons.
You are somewhat resistant to further mutation.


Message History

The goblin hits you with a club. The jackal closely misses you.
You hit the adder.
You kill the adder!
The kobold barely misses you. The jackal closely misses you.
The goblin hits you but does no damage. The jackal barely misses you.
You hit the jackal but do no damage.
You feel sick. The jackal misses you. The kobold hits you.
* * * LOW HITPOINT WARNING * * *
The jackal bites you but does no damage.
The goblin splashes around in the water.
You closely miss the jackal. The jackal closely misses you.
The jackal bites you.
* * * LOW HITPOINT WARNING * * *
The kobold closely misses you.
The jackal bites you but does no damage.
You closely miss the jackal. The jackal misses you.
The goblin hits you with a club.
* * * LOW HITPOINT WARNING * * *
The jackal bites you.
You die...

###### ....
...# #((# #..#
##.## ##@h^##
## ##ghK..## #
..##.≈.≈§.≈# .#
#..#.≈r≈#.##..#
#..^..._♣≈#^...
####.♣..^_♣###
#≈...#♣.#
##.#§♣.##
##.§§##


You could see 2 jackals, a goblin, a kobold and a rat.

Vanquished Creatures
  Terence (D:2)
  An adder (D:2)
  2 dart slugs
  4 bats
  5 goblins
  3 hobgoblins (D:1)
  5 frilled lizards
  5 kobolds
  4 rats (D:1)
30 creatures vanquished.

Notes
Turn   | Place    | Note
-------+----------+-------------------------------------------
     0 | D:1      | yogmoth the Halfling Skald began the quest for the Orb.
     0 | D:1      | Reached XP level 1. HP: 14/14 MP: 3/3
   224 | D:1      | Reached XP level 2. HP: 18/19 MP: 1/4
   806 | D:1      | Reached XP level 3. HP: 22/24 MP: 5/5
   990 | D:2      | Found a shimmering altar of Xom.
   994 | D:2      | Found a shimmering altar of Xom.
   996 | D:2      | Noticed Terence
   999 | D:2      | Became a worshipper of Xom of Chaos
  1009 | D:2      | XOM: potion effect (might)
  1017 | D:2      | Killed Terence
  1017 | D:2      | Reached skill level 1 in Throwing
  1017 | D:2      | Reached XP level 4. HP: 22/29 MP: 6/6
  1035 | D:2      | HP: 1/29 [goblin/club (2)]
  1035 | D:2      | Slain by a jackal

Skill      XL: |  1  2  3 |
---------------+----------+-----
Fighting       | 2 |  2.1
Short Blades   | 3 |  3.1
Throwing       | 1 |  1.3
Armour         | |  1.1
Dodging        | |  2.4
Stealth        | |  0.5
Spellcasting   | |  1.8
Charms         | |  3.9

Action                   |  1- 3 |  4- 6 || total
-------------------------+-------+-------++-------
Melee: Short sword       |    58 |    12 ||    70
Throw: Stone             |    24 |       ||    24
 Cast: Infusion          |     1 |       ||     1
  Use: Scroll            |     4 |       ||     4
 Stab: Sleeping          |     1 |       ||     1
Armor: Robe              |     2 |       ||     2
       Leather armour    |     5 |    12 ||    17
Dodge: Dodged            |    46 |    27 ||    73
